 Dungeon Crawl Stone Soup version 0.24.0-123-gd5b16e6ec5 (webtiles) character file.

Game seed: 17805259834337831736, levelgen mode: deterministic

12995 DavidChitty2 the Cleaver (level 11, 0/101 HPs)
             Began as a Minotaur Fighter on Dec 16, 2019.
             Was a High Priest of Okawaru.
             Slain by a merfolk
             ... wielding a +0 trident
              (16 damage)
             ... on level 2 of the Lair of Beasts.
             The game lasted 00:15:39 (11310 turns).

DavidChitty2 the Cleaver (Minotaur Fighter)        Turns: 11310, Time: 00:15:40

Health: 0/101      AC: 17    Str: 23    XL:     11   Next: 69%
Magic:  13/13      EV:  6    Int:  5    God:    Okawaru [*****.]
Gold:   781        SH: 12    Dex: 11    Spells: 10/10 levels left

rFire    . . .     SeeInvis .   a - +1 war axe
rCold    . . .     Gourm    .   c - +0 shield
rNeg     . . .     Faith    .   L - +2 plate armour {MR+}
rPois    +         Spirit   .   (helmet restricted)
rElec    .         Reflect  .   i - +0 cloak
rCorr    .         Harm     .   (no gloves)
MR       +....                  N - -2 pair of boots (curse)
Stlth    ..........             (no amulet)
HPRegen  0.26/turn              w - +1 ring of slaying
MPRegen  0.13/turn              f - ring of poison resistance

@: lethally poisoned (0 -> -4)
A: retaliatory headbutt, horns 2
a: Heroism, Finesse, Renounce Religion


You were on level 2 of the Lair of Beasts.
You worshipped Okawaru.
Okawaru was extremely pleased with you.
You were not hungry.

You visited 3 branches of the dungeon, and saw 14 of its levels.
You also visited: Ossuary.

You collected 781 gold pieces.

Inventory:

Hand Weapons
 a - a +1 war axe (weapon)
 b - a +0 whip of flaming
   (You took it off Pikel on level 7 of the Dungeon)
Armour
 c - a +0 shield (worn)
 i - a +0 cloak (worn)
   (You took it off Crazy Yiuf on level 6 of the Dungeon)
 L - a +2 plate armour of magic resistance (worn)
   (You took it off an orc warrior on level 10 of the Dungeon)
 N - a cursed -2 pair of boots (worn)
   (You found it on level 11 of the Dungeon)
Jewellery
 f - a ring of poison resistance (right hand)
   (You found it on level 4 of the Dungeon)
 q - an uncursed ring of resist corrosion
   (You found it on level 3 of the Dungeon)
 w - a +1 ring of slaying (left hand)
   (You found it on level 4 of the Dungeon)
 y - an uncursed ring of ice
   (You found it on level 8 of the Dungeon)
 z - an uncursed ring of positive energy
   (You found it on level 6 of the Dungeon)
 I - an uncursed amulet of the acrobat {unknown}
   (You found it on level 11 of the Dungeon)
 K - an uncursed ring of fire
   (You found it on level 11 of the Dungeon)
Wands
 k - a wand of scattershot (2)
   (You found it on level 10 of the Dungeon)
 t - a wand of flame (32)
   (You took it off a big kobold on level 8 of the Dungeon)
 v - a wand of digging (13)
   (You found it on level 3 of the Dungeon)
 x - a wand of acid (11)
   (You found it on level 5 of the Dungeon)
 J - a wand of polymorph (7)
   (You found it on level 10 of the Dungeon)
Scrolls
 g - 9 scrolls of teleportation {@r4}
 j - 7 scrolls of remove curse {@r2}
 p - a scroll of enchant armour
 s - 4 scrolls of fear
 A - 3 scrolls of blinking
 D - 2 scrolls of fog
 G - a scroll of enchant weapon
Potions
 d - 4 potions of might
 h - 3 potions of brilliance
 l - 3 potions of mutation {!q}
 m - a potion of haste {@q3}
 n - 5 potions of heal wounds {@q2}
 o - 10 potions of curing {@q1}
 r - a potion of agility
 u - a potion of invisibility
 B - a potion of cancellation
 C - 2 potions of lignification {!q}
 E - a potion of ambrosia
 F - 2 potions of berserk rage
 H - 3 potions of flight
Comestibles
 e - 17 rations {!d}
 M - 2 chunks of flesh


   Skills:
 + Level 10.3 Fighting
 * Level 13.4 Axes
 + Level 10.4 Armour
 + Level 10.3 Shields
 + Level 5.3 Invocations


You had 10 spell levels left.
You didn't know any spells.
Your spell library contained the following spells:

 Spells                   Type           Power        Failure   Level  Hunger
 Confusing Touch          Hex            #.....       100%        1    ##.....
 Confuse                  Hex            #.......     100%        3    ####...
 Gell's Gravitas          Tloc           #.........   100%        3    ####...
 Petrify                  Tmut/Erth      #.......     100%        4    #####..
 Metabolic Englaciation   Hex/Ice        #.........   100%        5    ######.
 Yara's Violent Unravell  Hex/Tmut       #.........   100%        5    ######.


Dungeon Overview and Level Annotations

Branches:
Dungeon (11/15)            Temple (1/1) D:5            Lair (2/6) D:11
 Shoals (0/4) Lair:2      Ossuary (visited)
  Snake: Lair:2-4    Spider: Lair:2-4       Orc: D:9-12

Altars:
Ashenzari
Cheibriados
Dithmenos
Elyvilon
Fedhas
Gozag
Hepliaklqana
Kikubaaqudgha
Makhleb
Nemelex Xobeh
Okawaru
Qazlal
Ru
Sif Muna
Trog
Uskayaw
Vehumet
Wu Jian
Xom
Yredelemnul
Zin
The Shining One

Shops:
D:5 !   D:8 }

Annotations:
D:10 3 runed translucent doors, Valentain's ghost, novice TrNe


Innate Abilities, Weirdness & Mutations

You reflexively headbutt those who attack you in melee.
You have a pair of horns on your head.


Message History

You completely miss the black mamba. You miss the water moccasin.
The black mamba bites you!
You are poisoned.
The black mamba poisons you! You block the water moccasin's attack.
You hit the black mamba. Your headbutt misses the black mamba.
You hit the water moccasin.
You feel sick.
The black mamba bites you but does no damage.
The water moccasin bites you but does no damage.
You block the merfolk's attack.
You closely miss the water moccasin. You hit the black mamba.
You feel sick. The black mamba completely misses you.
The water moccasin bites you but does no damage.
The black mamba bites you! You block the merfolk's attack.
You miss the black mamba. You slash the water moccasin!
You feel sick. The water moccasin bites you.
You block the black mamba's attack.
The merfolk hits you from afar with a +0 trident.
You hit the water moccasin.
Your headbutt misses the water moccasin.
You closely miss the black mamba.
You feel sick.
The black mamba bites you but does no damage.
You block the water moccasin's attack. The black mamba bites you!
The water moccasin bites you but does no damage.
You slash the water moccasin!
You kill the water moccasin!
Okawaru accepts your kill.
You hit the black mamba.
You feel sick. The black mamba bites you.
* * * LOW HITPOINT WARNING * * *
The merfolk hits you but does no damage.
The black mamba bites you but does no damage.
You hit the black mamba but do no damage.
You headbutt the black mamba!
You feel sick. The black mamba bites you!
* * * LOW HITPOINT WARNING * * *
The merfolk hits you but does no damage.
You closely miss the black mamba.
You feel sick. You block the black mamba's attack.
The black mamba barely misses you.
The merfolk hits you but does no damage.
Your plate armour prevents you from hitting the black mamba.
You feel sick. You block the black mamba's attack.
The black mamba bites you but does no damage.
The merfolk hits you from afar with a +0 trident!
* * * LOW HITPOINT WARNING * * *
You hit the black mamba.
You feel sick. The black mamba barely misses you.
You closely miss the black mamba. Your headbutt misses the black mamba.
The black mamba bites you!
* * * LOW HITPOINT WARNING * * *
The merfolk hits you but does no damage.
You block the black mamba's attack.
You miss the black mamba.
You feel sick. The black mamba closely misses you.
The merfolk hits you from afar with a +0 trident!
You die...

...#........#..
...............
...............
#...............%
#................
#..P......m.....
#..# #..........
###...###.@.......
##.......#.#S..P..>
..........#........
#.................
#......#P.........
##.....###........
#......P#.....P...
##.............#..
#...............


You could see a merfolk and a black mamba.

Vanquished Creatures
  2 two-headed ogres
  Pikel (D:7)
  A cyclops (D:11)
  A merfolk siren (Lair:2)
  Maurice (D:9)
  2 centaur skeletons
  A komodo dragon (Lair:2)
  2 merfolk (Lair:2)
  5 hippogriffs
  11 yaks (D:11)
  2 hungry ghosts
  A steam dragon (D:7)
  Menkaure (D:7)
  A water moccasin (Lair:2)
  Duvessa (D:7)
  An acid dragon (D:11)
  An ice beast (D:8)
  A hornet zombie (D:10)
  6 orc warriors
  2 eyes of draining
  4 sky beasts
  A necrophage (D:11)
  6 ogres
  4 phantoms
  6 centaurs
  A crocodile (D:10)
  An elf zombie (Ossuary)
  4 big kobolds
  5 bullfrogs
  6 scorpions
  Dowan (D:7)
  6 killer bees
  5 wights
  6 crimson imps
  3 centaur zombies
  A bullfrog zombie (D:7)
  4 hounds
  3 human zombies (Ossuary)
  6 jellies
  5 orc priests
  6 orc wizards
  Crazy Yiuf (D:6)
  3 bullfrog skeletons
  2 iguanas
  9 worker ants
  2 big kobold zombies (Ossuary)
  2 mummies (Ossuary)
  A howler monkey zombie (D:5)
  3 worker ant zombies
  2 gnolls
  11 adders
  3 shadow imps
  An adder zombie (Ossuary)
  3 worms
  An adder skeleton (D:4)
  A dart slug (D:1)
  3 leopard geckos
  33 orcs
  A ball python (D:2)
  3 giant cockroaches
  8 goblins
  6 hobgoblins
  4 jackals
  5 quokkas
  4 bats
  3 frilled lizards
  A goblin zombie (Ossuary)
  13 hobgoblin zombies (Ossuary)
  21 kobolds
  6 kobold zombies (Ossuary)
  6 orc zombies (Ossuary)
  A quokka zombie (D:9)
  6 rats
  2 rat zombies (Ossuary)
299 creatures vanquished.

Vanquished Creatures (others)
  A hound (D:7)
  4 plants (D:11)
5 creatures vanquished.

Grand Total: 304 creatures vanquished

Notes
Turn   | Place    | Note
-------+----------+-------------------------------------------
     0 | D:1      | DavidChitty2 the Minotaur Fighter began the quest for the
                  | Orb.
     0 | D:1      | Reached XP level 1. HP: 19/19 MP: 0/0
   296 | D:1      | Reached XP level 2. HP: 27/27 MP: 1/1
   674 | D:1      | Reached skill level 3 in Axes
   828 | D:2      | Reached XP level 3. HP: 28/33 MP: 2/2
   947 | D:2      | Found a sparkling altar of Nemelex Xobeh.
  1104 | D:2      | Found a bloodstained altar of Trog.
  1310 | D:2      | Found a basalt altar of Yredelemnul.
  1850 | D:3      | Reached XP level 4. HP: 30/40 MP: 3/3
  1954 | D:3      | Found a hide-covered altar of Uskayaw.
  1957 | D:3      | Found a shimmering blue altar of Sif Muna.
  1958 | D:3      | Found a sacrificial altar of Ru.
  2060 | D:3      | Reached skill level 4 in Axes
  2530 | D:4      | Reached XP level 5. HP: 35/47 MP: 4/4
  2772 | D:4      | Noticed an ogre
  2779 | D:4      | Killed an ogre
  2779 | D:4      | Reached skill level 5 in Axes
  2779 | D:4      | Reached XP level 6. HP: 33/55 MP: 5/5
  3128 | D:5      | Entered Level 5 of the Dungeon
  3234 | D:5      | Reached skill level 5 in Fighting
  3234 | D:5      | Reached skill level 5 in Armour
  3234 | D:5      | Reached skill level 5 in Shields
  3263 | D:5      | Found a staircase to the Ecumenical Temple.
  3270 | Temple   | Entered the Ecumenical Temple
  3459 | D:5      | Found Ashrasa's Distillery.
  3495 | D:5      | Reached skill level 6 in Axes
  3497 | D:5      | Reached XP level 7. HP: 43/61 MP: 6/6
  3978 | D:6      | Found a white marble altar of Elyvilon.
  4144 | D:6      | Found a runed translucent door.
  4145 | D:6      | Noticed Crazy Yiuf
  4370 | D:6      | Paralysed by Crazy Yiuf for 4 turns
  4375 | D:6      | Killed Crazy Yiuf
  4486 | D:7      | Noticed Duvessa
  4486 | D:7      | Noticed Dowan
  4497 | D:7      | Killed Dowan
  4498 | D:7      | Killed Duvessa
  4498 | D:7      | Reached skill level 7 in Axes
  4524 | D:7      | Noticed Menkaure
  4528 | D:7      | Killed Menkaure
  4528 | D:7      | Reached XP level 8. HP: 70/70 MP: 7/7
  4908 | D:7      | Reached skill level 8 in Axes
  5117 | D:7      | Reached skill level 9 in Axes
  5172 | D:7      | Noticed Pikel
  5180 | D:7      | Killed Pikel
  5180 | D:7      | Reached XP level 9. HP: 69/79 MP: 8/8
  5379 | D:8      | Found a burning altar of Makhleb.
  5484 | D:8      | Found a sand-covered staircase.
  5492 | Ossuary  | Entered an ossuary
  5725 | Ossuary  | Reached skill level 10 in Axes
  6167 | D:8      | Found an iron altar of Okawaru.
  6180 | D:8      | Became a worshipper of Warmaster Okawaru
  6197 | D:8      | Found Tusa's Gadget Boutique.
  6229 | D:8      | Found a stormy altar of Qazlal.
  6251 | D:8      | Reached skill level 1 in Invocations
  6273 | D:7      | Reached * piety under Okawaru
  6696 | D:8      | Reached XP level 10. HP: 47/90 MP: 10/10
  6696 | D:8      | Reached skill level 11 in Axes
  7020 | D:8      | Found a shadowy altar of Dithmenos.
  7748 | D:9      | Found an ancient bone altar of Kikubaaqudgha.
  7782 | D:9      | Reached ** piety under Okawaru
  7783 | D:9      | Noticed Maurice
  7796 | D:9      | Killed Maurice
  8016 | D:9      | Noticed a two-headed ogre
  8023 | D:9      | Killed a two-headed ogre
  8023 | D:9      | Reached *** piety under Okawaru
  8023 | D:9      | Reached skill level 12 in Axes
  8365 | D:8      | Found a snail-covered altar of Cheibriados.
  8446 | D:9      | Found a glowing silver altar of Zin.
  8481 | D:10     | Entered Level 10 of the Dungeon
  8515 | D:10     | Noticed a two-headed ogre
  8522 | D:10     | Killed a two-headed ogre
  8522 | D:10     | Reached XP level 11. HP: 54/97 MP: 9/13
  8713 | D:10     | Reached **** piety under Okawaru
  9395 | D:10     | Found a runed translucent gate.
  9395 | D:10     | Found a runed translucent gate.
  9395 | D:10     | Found a runed translucent gate.
  9400 | D:10     | Noticed Valentain's ghost (novice TrNe)
  9980 | D:11     | Reached skill level 10 in Armour
  9994 | D:11     | Reached skill level 10 in Shields
 10003 | D:11     | Reached skill level 10 in Fighting
 10003 | D:11     | Reached skill level 13 in Axes
 10207 | D:11     | Reached ***** piety under Okawaru
 10212 | D:11     | Reached skill level 5 in Invocations
 10414 | D:11     | Found a staircase to the Lair.
 10793 | Lair:1   | Entered Level 1 of the Lair of Beasts
 10861 | Lair:1   | You fall into a shaft and drop 1 floor!
 10861 | Lair:2   | Found a staircase to the Shoals.
 11310 | Lair:2   | Slain by a merfolk

Levels and vault maps discovered:
D:1:      wander_arrival_desolate, layout_basic, chequers_serial_rivers_micro_d,
          st_stairs_7, minmay_small_reverse_x
D:2:      layout_loops_ring, lemuel_crystal_altar, lemuel_crystal_altar,
          old_standard_altar
D:3:      minmay_angry_zag, layout_basic, grunt_temple_overflow_open
D:4:      layout_basic, first_ration
D:5:      layout_basic, minmay_temple_entry_grid, serial_shops,
          nicolae_shop_window_shopping
D:6:      layout_cave_pools, elyvilon_altar_5, uniq_crazy_yiuf_cottage
D:7:      minmay_razor_zed, layout_loops_cross, uniq_pikel, uniq_menkaure,
          uniq_duvessa
D:8:      layout_basic, lemuel_crystal_altar, okawaru_altar_gauntlet_db,
          nicolae_overflow_hidden_temple, enter_ossuary_5, serial_shops,
          kennysheep_mini, basic_altar, blue_anna_alchemist
          [blue_anna_fruit_fields, blue_anna_fruit_fields]
D:9:      layout_roguey, kiku_gazebo_pond_becter, zin_scriptorium, uniq_maurice
D:10:     layout_long_grid, gammafunk_ghost_necromancy
D:11:     layout_roguey, david_lair_shrubbed
Temple:   nicolae_temple_figure_zero
Lair:1:   layout_long_grid, wad_woods_river_02, serial_bayou_pond_a
Lair:2:   layout_gridlike, elwin_shoals_entry_stream,
          minmay_snake_entry_guardpost_small, basic_altar,
          chequers_serial_rivers_small_a

Skill      XL: |  1  2  3  4  5  6  7  8  9 10 11 |
---------------+----------------------------------+-----
Axes           | 3 4 5 6 7 9 10 12 13 | 13.4
Fighting       | 4 5 6 7 8 9 10 | 10.3
Shields        | 4 5 6 7 8 9 10 | 10.3
Armour         | 4 5 6 7 8 9 10 | 10.4
Invocations    | 1 4 5 |  5.3

Action                   |  1- 3 |  4- 6 |  7- 9 | 10-12 || total
-------------------------+-------+-------+-------+-------++-------
Melee: War axe           |   117 |    99 |   338 |   436 ||   990
       Headbutt          |    11 |    13 |    77 |   104 ||   205
Invok: Heroism           |       |       |     1 |     3 ||     4
Evoke: Wand              |       |       |       |     1 ||     1
  Use: Scroll            |       |    11 |     9 |     6 ||    26
       Potion            |       |       |     4 |       ||     4
  Eat: Chunk             |     3 |     5 |    10 |    17 ||    35
       Ration            |       |       |     1 |       ||     1
Armor: Scale mail        |    18 |       |       |       ||    18
       Plate armour      |    64 |    65 |   180 |   153 ||   462
Dodge: Dodged            |    15 |    21 |    62 |    57 ||   155
Block: Shield            |    76 |    63 |   167 |   229 ||   535
